 Dungeon Crawl Stone Soup version 0.24-a0-271-ga0fc33f (webtiles) character file.

Game seed: 15658336588478339939

206042 gruber the Brawler (level 18, -3/179 HPs)
             Began as a Troll Monk on Apr 23, 2019.
             Was the Champion of Okawaru.
             Killed by the raging water
             ... invoked by a water nymph
              (20 damage)
             ... on level 4 of the Shoals.
             The game lasted 01:21:30 (32657 turns).

gruber the Brawler (Troll Monk)                    Turns: 32657, Time: 01:21:31

Health: -3/179     AC: 22    Str: 24    XL:     18   Next: 43%
Magic:  0/14       EV:  9    Int:  6    God:    Okawaru [******]
Gold:   2693       SH: 30    Dex: 14    Spells: 10/17 levels left

rFire    . . .     SeeInvis .     - Unarmed
rCold    + . .     Gourm    +   A - +10 large shield of Ignorance {rN+ Int-4}
rNeg     + + .     Faith    .   T - +0 shadow dragon scales
rPois    .         Spirit   +   P - +1 hat {MR+}
rElec    +         Reflect  .   a - scarf {Spirit}
rCorr    .         Harm     .   (gloves unavailable)
MR       ++...                  (boots unavailable)
Stlth    +++.......             Q - amulet of Atremify {Gourm +Fly rElec rN+ MP-9}
HPRegen  0.79/turn              L - +3 ring of protection
MPRegen  0.14/turn              K - ring of protection from cold

@: lethally poisoned (-3 -> -3), flying
A: large, unfitting armour, claws 3, fast metabolism 3, gourmand, regeneration
1, shaggy fur 1, tough skin 3
a: Heroism, Finesse, Renounce Religion, Stop Flying


You were on level 4 of the Shoals.
You worshipped Okawaru.
Okawaru was exalted by your worship.
You were very full.

You visited 8 branches of the dungeon, and saw 35 of its levels.
You visited the Abyss 1 time.

You collected 2693 gold pieces.

Inventory:

Hand Weapons
 b - the +9 rapier "Juesoila" {elec, rElec MR+ Str+4 Int-3}
   (Okawaru gifted it to you on level 3 of the Spider Nest)

   Occasionally, upon striking a foe, it will discharge some electrical energy
   and cause terrible harm.
   It affects your strength (+4).
   It affects your intelligence (-3).
   It insulates you from electricity.
   It affects your resistance to hostile enchantments.
 V - a +0 blowgun
Missiles
 u - 31 large rocks
 O - 6 silver javelins
 S - 14 javelins of returning (quivered)
 W - 9 curare-tipped needles
Armour
 a - a scarf of spirit shield (worn)
 A - the +10 large shield of Ignorance (worn) {rN+ Int-4}
   (You acquired it on level 4 of the Shoals)

   It affects your intelligence (-4).
   It protects you from negative energy.
 P - a +1 hat of magic resistance (worn)
 T - +0 shadow dragon scales (worn)
 X - the +1 large shield of Birdsong {rCorr}
   (You acquired it on level 3 of the Spider Nest)

   It provides partial protection from all sources of acid and corrosion.
Jewellery
 v - an uncursed ring of wizardry
 K - a ring of protection from cold (right claw)
 L - a +3 ring of protection (left claw)
 Q - the amulet of Atremify (around neck) {Gourm +Fly rElec rN+ MP-9}
   (You found it on level 2 of the Shoals)

   [amulet of the gourmand]

   It allows you to eat raw meat even when not hungry.
   It insulates you from electricity.
   It protects you from negative energy.
   It affects your magic capacity (-9).
   It lets you fly.
Wands
 h - a wand of paralysis (27)
 m - a wand of acid (26)
 n - a wand of iceblast (34)
 x - a wand of disintegration (37)
 E - a wand of digging (8)
 G - a wand of scattershot (5)
 N - a wand of clouds (3)
 Y - a wand of polymorph (9)
Scrolls
 e - a scroll of silence
 f - 13 scrolls of teleportation
 g - 9 scrolls of amnesia
 j - 9 scrolls of magic mapping
 l - 3 scrolls of enchant weapon
 p - 4 scrolls of fog
 q - 3 scrolls of enchant armour
 s - 2 scrolls of fear
 y - 10 scrolls of remove curse
 C - 5 scrolls of blinking
 H - 5 scrolls of identify
 J - 8 scrolls of immolation
Potions
 c - 6 potions of berserk rage
 d - 12 potions of curing
 i - 2 potions of heal wounds
 o - 6 potions of brilliance
 t - 4 potions of resistance
 w - 3 potions of agility
 z - 2 potions of cancellation
 D - 2 potions of flight
 F - 3 potions of invisibility
 I - 7 potions of haste
 M - 5 potions of might
 R - 3 potions of magic
 Z - 6 potions of ambrosia
Miscellaneous
 k - a lamp of fire
 r - a lamp of fire
Comestibles
 B - a chunk of flesh
 U - 55 rations


   Skills:
 - Level 11.0 Fighting
 - Level 3.1 Short Blades
   Level 3.4 Maces & Flails
 * Level 3.1 Throwing
 - Level 10.2 Armour
 - Level 6.1 Dodging
 - Level 1.0 Stealth
 - Level 15.0 Shields
 - Level 19.0 Unarmed Combat
 - Level 8.0 Invocations


You had 10 spell levels left.
You knew the following spells:

 Your Spells              Type           Power        Failure   Level  Hunger
a - Blink                 Tloc           N/A          98%         2    ###....
b - Borgnjor's Vile Clut  Necr/Erth      #.........   100%        5    ######.

Your spell library contained the following spells:

 Spells                   Type           Power        Failure   Level  Hunger
 Apportation              Tloc           #.....       95%         1    ##.....
 Corona                   Hex            #......      95%         1    ##.....
 Magic Dart               Conj           #...         95%         1    ##.....
 Sandblast                Erth           #.....       95%         1    ##.....
 Summon Butterflies       Summ           #.......     95%         1    ##.....
 Call Imp                 Summ           #.......     98%         2    ###....
 Passwall                 Tmut/Erth      #.......     98%         2    ###....
 Slow                     Hex            #.......     98%         2    ###....
 Conjure Flame            Conj/Fire      #.......     100%        3    ####...
 Ignite Poison            Fire/Tmut/Pois #.......     100%        3    ####...
 Inner Flame              Hex/Fire       #.......     100%        3    ####...
 Lesser Beckoning         Tloc           #.........   100%        3    ####...
 Mephitic Cloud           Conj/Pois/Air  #.......     100%        3    ####...
 Portal Projectile        Hex/Tloc       #.....       100%        3    ####...
 Stone Arrow              Conj/Erth      #.....       100%        3    ####...
 Tukima's Dance           Hex            #.......     100%        3    ####...
 Cause Fear               Hex            #.........   100%        4    #####..
 Leda's Liquefaction      Hex/Erth       #.........   100%        4    #####..
 Petrify                  Tmut/Erth      #.......     100%        4    #####..
 Alistair's Intoxication  Tmut/Pois      #.......     100%        5    ######.
 Bolt of Magma            Conj/Fire/Erth #.........   100%        5    ######.
 Lee's Rapid Deconstruct  Erth           #.........   100%        5    ######.
 Silence                  Hex/Air        #.........   100%        5    ######.
 Yara's Violent Unravell  Hex/Tmut       #.........   100%        5    ######.
 Deflect Missiles         Chrm/Air       #.........   100%        6    #######
 Invisibility             Hex            #.......     100%        6    #######
 Iron Shot                Conj/Erth      #.........   100%        6    #######
 Statue Form              Tmut/Erth      #........    100%        6    #######
 Discord                  Hex            #.........   100%        8    #######
 Shatter                  Erth           #.........   100%        9    #######


Dungeon Overview and Level Annotations

Branches:
Dungeon (15/15)            Temple (1/1) D:7            Lair (6/6) D:9
 Shoals (4/4) Lair:4       Spider (4/4) Lair:4        Slime (0/5) Lair:5
    Orc (2/2) D:10            Elf (2/3) Orc:2        Vaults (0/5) D:14
 Depths (1/5) D:15

Altars:
Ashenzari
Cheibriados
Dithmenos
Elyvilon
Fedhas
Gozag
Hepliaklqana
Kikubaaqudgha
Makhleb
Nemelex Xobeh
Okawaru
Qazlal
Sif Muna
Trog
Uskayaw
Vehumet
Wu Jian
Xom
Yredelemnul
Zin
The Shining One
Beogh

Shops:
D:6 (   D:13 }   Orc:1 }   Orc:2 !(=!   Elf:1 !(   Shoals:1 %

Annotations:
Lair:2 exclusion: oklob plant
Lair:5 exclusion: 2 oklob plants


Innate Abilities, Weirdness & Mutations

You are too large for most types of armour.
You have claws for hands.
Your metabolism is lightning-fast.
You like to eat raw meat.
Your natural rate of healing is unusually fast.
You are covered in fur. (AC +1)
You have extremely tough skin. (AC +3)


Message History

Splash!
You fall into the shallow water.
Moving in this stuff is going to be slow.
The merfolk javelineer blinks!
The merfolk moves out of view.
Unknown command.
You feel very buoyant.
You fly up into the air.
The merfolk impaler shouts!
You block the water nymph's attack.
The merfolk javelineer throws a javelin.
You block the javelin.
You hear a splash.
Unknown command.
You closely miss the water nymph.
Unknown command.
You closely miss the water nymph.
You feel like a meek peon again.
Your claws slow down.
The water nymph gestures at you while chanting.
The water rises up and strikes you!
You die...

...≈≈≈≈......≈≈≈≈≈≈
..≈≈≈≈≈.......≈≈≈≈≈≈
....≈≈≈≈≈.. ...≈≈≈≈≈≈
...≈.≈≈≈≈.# #..≈≈≈≈≈≈
..≈≈.≈≈...###§.≈≈≈≈≈≈
..≈≈≈≈...[..(..≈≈≈≈≈≈ #
.....≈§§≈..≈≈≈...≈≈≈≈≈≈≈ m
......≈.≈..≈m≈≈≈≈≈≈≈≈≈≈≈ m
............≈@≈≈≈≈≈≈≈≈≈≈≈
E##.(.......≈.(.m≈≈≈≈≈≈≈≈≈≈≈
#)........≈..§..≈≈≈≈≈≈≈≈≈≈≈≈
m≈.............≈≈≈≈≈≈≈≈≈≈≈≈≈
E.m...≈.≈≈.m≈≈≈≈≈≈≈≈≈≈≈≈≈≈≈
)..≈≈≈≈≈≈≈≈≈≈≈≈≈≈≈≈≈≈≈≈≈≈
.≈≈≈≈≈≈≈≈≈≈≈≈≈≈≈≈≈≈≈≈≈≈≈
≈≈≈≈≈≈≈≈≈≈≈≈≈≈≈≈≈≈≈≈≈≈≈≈
≈≈≈≈≈≈≈≈≈≈≈≈≈≈≈≈≈≈≈≈≈≈


You could see a merfolk impaler, a merfolk javelineer and a water nymph.

Vanquished Creatures
  Rupert (D:12)
  A deep elf blademaster (Elf:2)
  Gastronok (Lair:2)
  Kirke (Lair:5)
  The ghost of mhoghedin the Fighter, an adept CeFi of Gozag (Shoals:2)
  A ghost moth (Spider:3)
  An orc warlord (Orc:1)
  2 deep elf sorcerers (Elf:1)
  2 emperor scorpions
  2 entropy weavers (Lair:6)
  A stone giant (D:15)
  3 deep elf demonologists
  A spark wasp (Spider:4)
  A merfolk javelineer (Shoals:4)
  5 merfolk impalers
  Josephine (Lair:6)
  5 fire dragons
  A deep elf death mage (Elf:1)
  An ettin (D:15)
  A yaktaur captain (D:14)
  Snorg (Orc:2)
  A rakshasa (D:15)
  Fannar (Lair:3)
  Erolcha (D:9)
  Harold (D:8)
  Erica (Orc:1)
  4 hydras
  5 merfolk avatars
  2 centaur warriors
  A catoblepas (D:15)
  A death knight (D:12)
  An ogre mage (Orc:1)
  23 dancing weapons
  A queen ant (Lair:6)
  7 two-headed ogres
  5 merfolk aquamancers
  An alligator snapping turtle (Shoals:3)
  A satyr (Shoals:3)
  4 orc high priests (Orc:2)
  3 tengu warriors
  13 spriggans
  8 deep elf knights
  Nergalle (Lair:1)
  Sonja (Lair:4)
  11 sea snakes
  An unseen horror (D:12)
  3 wizards
  5 deep elf archers
  A lindwurm (Lair:6)
  16 harpies
  Pikel (D:5)
  A wolf spider zombie (D:14)
  10 wolf spiders
  12 ugly things
  10 orb spiders
  29 deep elf magi
  3 orc knights
  11 fauns
  5 cyclopes
  2 moths of wrath (Shoals:2)
  7 orc sorcerers
  7 manticores
  4 merfolk sirens
  2 elephants
  7 black mambas
  7 water nymphs
  A torpor snail (Spider:3)
  7 spiny frogs
  3 molten gargoyles (Lair:6)
  6 centaur skeletons
  2 gargoyles (D:15)
  2 yaktaurs (D:14)
  3 rime drakes
  An efreet (D:15)
  2 kobold demonologists
  5 demonic crawlers
  12 komodo dragons
  A tengu conjurer (D:15)
  8 trolls
  6 wind drakes
  6 meliai
  4 harpy zombies (Shoals:1)
  36 merfolk
  8 jumping spiders
  Grinder (D:5)
  5 hornets
  10 snapping turtles
  3 blink frogs (Lair:6)
  39 dream sheep
  2 meliai zombies
  Prince Ribbit (D:9)
  18 hippogriffs
  30 redbacks
  6 flying skulls (Abyss:2)
  An air elemental (Elf:1)
  35 yaks
  4 shadows
  12 water elementals
  18 tarantellas
  5 wraiths
  Eustachio (D:4)
  A hog (shapeshifter) (D:15)
  10 basilisks
  3 hogs (Lair:5)
  4 wyverns (Lair:6)
  The ghost of Lanoc the Ruffian, an amateur DrTm (D:4)
  A steam dragon (Lair:6)
  8 vampire mosquitoes
  A warg (Orc:1)
  Duvessa (D:4)
  19 soldier ants (Lair:6)
  15 water moccasins
  3 hell hounds (Lair:6)
  12 porcupines
  A swamp drake (Lair:2)
  A slave (D:5)
  3 black bears
  27 orc warriors
  6 ice beasts
  11 ogres
  3 sky beasts
  2 phantoms
  2 eyes of draining (D:14)
  35 wolves
  4 boggarts
  10 centaurs
  16 crocodiles
  5 big kobolds
  21 bullfrogs
  A hippogriff zombie (Shoals:1)
  An earth elemental (Elf:1)
  Dowan (D:4)
  3 scorpions
  9 killer bees
  9 wights
  3 howler monkeys
  2 electric eels (Lair:2)
  11 centaur zombies
  3 crimson imps
  4 lava snakes (Lair:6)
  35 orc priests
  A bullfrog skeleton (D:8)
  3 bullfrog zombies
  4 hounds
  5 jellies
  A quasit (D:9)
  A gnoll shaman (D:6)
  5 iguanas
  22 orc wizards
  33 worker ants
  A hound zombie (D:7)
  A hound skeleton (D:10)
  Robin (D:2)
  A howler monkey skeleton (D:5)
  14 adders
  6 gnolls
  2 shadow imps
  An ooze (D:6)
  An adder skeleton (D:7)
  6 worms
  3 dart slugs
  4 leopard geckos
  82 orcs
  12 bats
  4 giant cockroaches
  12 hobgoblins
  8 jackals
  6 quokkas
  A ball python (D:3)
  6 frilled lizards
  20 goblins
  30 kobolds
  A quokka skeleton (D:6)
  A quokka zombie (D:7)
  8 rats
  3 fungi
  3 plants
1201 creatures vanquished.

Vanquished Creatures (others)
  4 humans (Lair:5)
  A bush (Shoals:1)
  20 fungi
  25 plants
50 creatures vanquished.

Grand Total: 1251 creatures vanquished

Notes
Turn   | Place    | Note
-------+----------+-------------------------------------------
     0 | D:1      | gruber the Troll Monk began the quest for the Orb.
     0 | D:1      | Reached XP level 1. HP: 22/22 MP: 0/0
    89 | D:1      | Reached XP level 2. HP: 26/29 MP: 1/1
   437 | D:2      | Reached skill level 4 in Unarmed Combat
   487 | D:2      | Noticed Robin
   516 | D:2      | Reached XP level 3. HP: 36/36 MP: 2/2
   535 | D:2      | Killed Robin
   717 | D:2      | Reached XP level 4. HP: 30/44 MP: 3/3
   740 | D:2      | Reached skill level 5 in Unarmed Combat
  1072 | D:2      | Found a burning altar of Makhleb.
  1263 | D:2      | Learned a level 2 spell: Blink
  1600 | D:3      | Found a faded altar of an unknown god.
  1617 | D:3      | Reached XP level 5. HP: 50/50 MP: 4/4
  1666 | D:3      | Reached skill level 6 in Unarmed Combat
  1999 | D:3      | Reached XP level 6. HP: 34/59 MP: 5/5
  2037 | D:3      | Found a stormy altar of Qazlal.
  2083 | D:3      | Reached skill level 7 in Unarmed Combat
  2294 | D:3      | Found a deep blue altar of Sif Muna.
  2295 | D:3      | Found a bloodstained altar of Trog.
  2369 | D:4      | Found a transporter.
  2439 | D:4      | Noticed Eustachio
  2453 | D:4      | Killed Eustachio
  2594 | D:4      | Found a sparkling altar of Nemelex Xobeh.
  2612 | D:4      | Noticed Lanoc's ghost (amateur DrTm)
  2619 | D:4      | Found a transporter.
  2628 | D:4      | Noticed Duvessa
  2629 | D:4      | Noticed Dowan
  2638 | D:4      | Killed Duvessa
  2638 | D:4      | Reached skill level 8 in Unarmed Combat
  2638 | D:4      | Reached XP level 7. HP: 66/66 MP: 6/6
  2639 | D:4      | Killed Dowan
  2837 | D:5      | Entered Level 5 of the Dungeon
  2859 | D:5      | Noticed Pikel
  2874 | D:5      | Killed Pikel
  2874 | D:5      | Reached skill level 10 in Unarmed Combat
  2874 | D:5      | Reached XP level 8. HP: 31/74 MP: 7/7
  3097 | D:5      | Noticed Grinder
  3106 | D:5      | Killed Grinder
  3106 | D:5      | Reached skill level 11 in Unarmed Combat
  3581 | D:6      | Identified the Grimoire of Blistering Earth
  3729 | D:6      | Reached XP level 9. HP: 85/85 MP: 8/8
  3896 | D:6      | Found Woynorimp's Weapon Shoppe.
  4060 | D:7      | Reached skill level 5 in Fighting
  4081 | D:7      | Found a staircase to the Ecumenical Temple.
  4141 | Temple   | Entered the Ecumenical Temple
  4355 | Temple   | Became a worshipper of Warmaster Okawaru
  4355 | Temple   | Reached * piety under Okawaru
  4355 | Temple   | Reached ** piety under Okawaru
  4454 | D:7      | Reached skill level 1 in Invocations
  5140 | D:8      | Found a snail-covered altar of Cheibriados.
  5316 | D:8      | Noticed Harold
  5325 | D:8      | Killed Harold
  5325 | D:8      | Reached *** piety under Okawaru
  5494 | D:8      | Reached XP level 10. HP: 91/96 MP: 14/14
  5948 | D:9      | Found a staircase to the Lair.
  6079 | D:9      | Reached **** piety under Okawaru
  6269 | D:9      | Noticed Erolcha
  6273 | Lair:1   | Entered Level 1 of the Lair of Beasts
  6732 | Lair:1   | Reached ***** piety under Okawaru
  6908 | Lair:1   | Noticed Nergalle
  6917 | Lair:1   | Killed Nergalle
  6917 | Lair:1   | Reached XP level 11. HP: 91/113 MP: 13/16
  7073 | Lair:1   | Received a gift from Okawaru
  7643 | Lair:2   | Noticed an oklob plant
  7719 | Lair:2   | Noticed Gastronok
  7760 | Lair:2   | Killed Gastronok
  7760 | Lair:2   | Received a gift from Okawaru
  7760 | Lair:2   | Reached skill level 10 in Fighting
  8490 | Lair:3   | Learned a level 5 spell: Borgnjor's Vile Clutch
  8774 | Lair:3   | Received a gift from Okawaru
  8774 | Lair:3   | Reached skill level 1 in Armour
  8889 | Lair:3   | Noticed a spriggan rider
  8953 | Lair:3   | Reached XP level 12. HP: 84/130 MP: 12/17
  9183 | Lair:3   | Reached skill level 5 in Armour
  9190 | Lair:3   | Received a gift from Okawaru
  9709 | Lair:3   | Noticed Fannar
  9728 | Lair:3   | Killed Fannar
  9802 | Lair:4   | Found a shadowy altar of Dithmenos.
  9993 | Lair:4   | Paralysed by a hornet for 2 turns
 10501 | Lair:4   | Noticed Sonja
 10507 | Lair:4   | Killed Sonja
 10847 | Lair:4   | Reached ****** piety under Okawaru
 10892 | Lair:4   | Found a hole to the Spider Nest.
 10964 | Lair:4   | Found a staircase to the Shoals.
 10974 | Lair:4   | Received a gift from Okawaru
 10978 | Lair:4   | Got a transparent animal skin {god gift}
 10996 | Lair:4   | Identified the +1 animal skin of Guggyus {rElec rCorr
                  | Dex+6} (Okawaru gifted it to you on level 4 of the Lair of
                  | Beasts)
 11136 | Lair:5   | Found a staircase to the Slime Pits.
 11136 | Lair:5   | Noticed Kirke
 11481 | Lair:5   | Reached XP level 13. HP: 133/137 MP: 18/18
 11493 | Lair:5   | Reached skill level 10 in Armour
 11717 | Lair:5   | Reached skill level 1 in Shields
 11746 | Lair:5   | Killed Kirke
 12133 | Lair:6   | Entered Level 6 of the Lair of Beasts
 12273 | Lair:6   | Noticed Josephine
 12305 | Lair:5   | Reached skill level 5 in Shields
 12477 | Lair:6   | Killed Josephine
 12675 | Lair:6   | Received a gift from Okawaru
 13422 | Lair:6   | Received a gift from Okawaru
 13738 | Lair:6   | Reached XP level 14. HP: 133/146 MP: 19/19
 13752 | Lair:6   | Noticed an entropy weaver
 13814 | Lair:6   | Killed an entropy weaver
 14176 | Lair:6   | Noticed an entropy weaver
 14194 | Lair:6   | Killed an entropy weaver
 14364 | Lair:6   | Found a large runed translucent door.
 14365 | Lair:6   | Found a large runed translucent door.
 14398 | Lair:6   | Reached skill level 12 in Unarmed Combat
 14672 | Lair:6   | Received a gift from Okawaru
 15174 | D:9      | Killed Erolcha
 15366 | D:9      | Noticed Prince Ribbit
 15381 | D:9      | Killed Prince Ribbit
 15481 | D:9      | Reached skill level 13 in Unarmed Combat
 16010 | D:10     | Entered Level 10 of the Dungeon
 16117 | D:10     | Found a staircase to the Orcish Mines.
 17107 | D:12     | Reached skill level 14 in Unarmed Combat
 17120 | D:12     | Noticed Rupert
 17131 | D:12     | Killed Rupert
 17310 | D:12     | Found a basalt altar of Yredelemnul.
 17376 | D:12     | Reached skill level 1 in Maces & Flails
 17645 | D:13     | Found Vaekau's Gadget Emporium.
 17802 | D:13     | Received a gift from Okawaru
 17805 | D:13     | Got a scorched dagger {god gift}
 17806 | D:13     | Identified the +10 dagger of Peace {pierce, +Rage +Inv MP+9
                  | Dex-3} (Okawaru gifted it to you on level 13 of the
                  | Dungeon)
 17901 | D:13     | Reached skill level 1 in Short Blades
 18732 | D:14     | Reached XP level 15. HP: 150/153 MP: 17/20
 19497 | D:14     | Received a gift from Okawaru
 19497 | D:14     | Reached skill level 15 in Unarmed Combat
 19613 | D:14     | Found a gate to the Vaults.
 19787 | D:15     | Entered Level 15 of the Dungeon
 19794 | D:15     | Found a roughly hewn altar of Beogh.
 20032 | D:15     | Reached skill level 16 in Unarmed Combat
 20099 | D:15     | Found a staircase to the Depths.
 20774 | Orc:1    | Entered Level 1 of the Orcish Mines
 20857 | Orc:1    | Noticed Erica
 20875 | Orc:1    | Killed Erica
 21043 | Orc:1    | Found Haiseby's Gadget Boutique.
 21325 | Orc:2    | Entered Level 2 of the Orcish Mines
 21391 | Orc:2    | Reached skill level 17 in Unarmed Combat
 21416 | Orc:2    | Found Luzxuan's Distillery.
 21416 | Orc:2    | Found Efree's Distillery.
 21416 | Orc:2    | Found Caunnefu's Antique Weapon Boutique.
 21707 | Orc:2    | Found Umpeiveast's Jewellery Shop.
 21801 | Orc:2    | Noticed Snorg
 21819 | Orc:2    | Killed Snorg
 22005 | Orc:2    | Found a staircase to the Elven Halls.
 22254 | Orc:1    | Noticed an orc warlord
 22421 | Orc:1    | Killed an orc warlord
 22421 | Orc:1    | Reached XP level 16. HP: 115/162 MP: 15/21
 22559 | Depths:1 | Entered Level 1 of the Depths
 22576 | D:15     | Received a gift from Okawaru
 22877 | Shoals:1 | Entered Level 1 of the Shoals
 22904 | Shoals:1 | Reached skill level 18 in Unarmed Combat
 23244 | Shoals:1 | Found Botibbyg's Food Shop.
 23963 | Spider:1 | Entered Level 1 of the Spider Nest
 24108 | Spider:1 | Reached skill level 19 in Unarmed Combat
 24682 | Spider:2 | You fall through a shaft!
 24872 | Spider:3 | Received a gift from Okawaru
 24872 | Spider:3 | Reached skill level 10 in Shields
 24875 | Spider:3 | Got a brightly glowing rapier {god gift}
 24876 | Spider:3 | Identified the +9 rapier "Juesoila" {elec, rElec MR+ Str+4
                  | Int-3} (Okawaru gifted it to you on level 3 of the Spider
                  | Nest)
 25922 | Spider:3 | Identified a scroll of acquirement
 25925 | Spider:3 | Got a scorched large shield
 25936 | Spider:3 | Identified the +1 large shield of Birdsong {rCorr} (You
                  | acquired it on level 3 of the Spider Nest)
 26068 | Spider:4 | Entered Level 4 of the Spider Nest
 26360 | Shoals:2 | Received a gift from Okawaru
 26464 | Shoals:2 | Found a transporter.
 26473 | Shoals:2 | Found a transporter.
 26476 | Shoals:2 | Noticed mhoghedin's ghost (adept CeFi)
 26780 | D:4      | Killed Lanoc's ghost
 27031 | Shoals:1 | Reached XP level 17. HP: 113/170 MP: 14/22
 27190 | Shoals:2 | Killed mhoghedin's ghost
 27286 | Shoals:2 | Got a brightly glowing bone amulet
 27287 | Shoals:2 | Identified the amulet of Atremify {Gourm +Fly rElec rN+
                  | MP-9} (You found it on level 2 of the Shoals)
 27404 | Shoals:2 | HP: 1/170 [merfolk aquamancer/shard of ice (24)]
 28559 | Elf:1    | Entered Level 1 of the Elven Halls
 28889 | Elf:1    | Noticed a Hell Sentinel
 28999 | Elf:1    | Received a gift from Okawaru
 29083 | Elf:1    | Found Fiajir's Weapon Emporium.
 29416 | Elf:1    | Found Zaes Dih's Distillery.
 29703 | Elf:2    | Cast into level 2 of the Abyss (a deep elf demonologist)
 29770 | Elf:2    | Escaped the Abyss
 29994 | Elf:2    | Received a gift from Okawaru
 30079 | Elf:2    | Found a runed translucent gate.
 30079 | Elf:2    | Found a runed translucent gate.
 30079 | Elf:2    | Found a runed translucent gate.
 30683 | Elf:2    | Noticed a deep elf blademaster
 30695 | Elf:2    | Killed a deep elf blademaster
 30806 | Elf:2    | Reached XP level 18. HP: 171/179 MP: 11/23
 30823 | Elf:2    | Received a gift from Okawaru
 31380 | Shoals:3 | Reached skill level 15 in Shields
 31931 | Shoals:3 | Reached skill level 5 in Dodging
 32195 | Shoals:4 | Entered Level 4 of the Shoals
 32440 | Shoals:4 | Reached skill level 1 in Throwing
 32550 | Shoals:4 | Found the +10 large shield of Ignorance {rN+ Int-4}
 32657 | Shoals:4 | Killed from afar by a water nymph

Levels and vault maps discovered:
D:1:      scummos_arrival_hexagon, layout_rooms
D:2:      minmay_thinvault, layout_basic, nicolae_overflow_hidden_temple,
          bloody_makhleb, uniq_robin
D:3:      layout_basic, marbit_many_paths, minitemple,
          chequers_ecumenical_altar_simple_redux, first_ration
D:4:      layout_cave_pools, kennysheep_mini, gammafunk_ghost_arena,
          serial_park, serial_park_tiny_1, serial_park_tiny_2,
          serial_park_tiny_2, serial_park_tiny_pond, uniq_duvessa,
          uniq_eustachio
D:5:      layout_loops_cross, uniq_pikel, uniq_grinder
D:6:      layout_loops_cross, serial_shops, shop
D:7:      layout_basic, minmay_temple_entry_glassed_door
D:8:      layout_loops_cross, cheibriados_altar_1, uniq_harold
D:9:      layout_basic, due_lair_maze_entry_diamond, uniq_erolcha,
          uniq_prince_ribbit1
D:10:     layout_rooms, orc_0_dummy, grunt_pizzeria
D:11:     layout_basic
D:12:     layout_rooms, basic_altar, solitary_fountain, wad_dig_loot,
          uniq_rupert
D:13:     layout_basic, serial_shops, shop
D:14:     layout_stronghold, david_vaults_2, hangedman_decor_clover_reticule
D:15:     hangedman_depths_entry_civil_slaughter, layout_cave_pools,
          special_room [special_room_orc],
          hangedman_abyss_or_decor_jellyfish_corner, minivault_20
Temple:   regret_index_temple_sphere_string
Lair:1:   layout_cave_pods, chequers_serial_rivers_room_b, uniq_nergalle
Lair:2:   layout_chaotic_city, pond, serial_bayou_shore_a, grunt_megastairs_5,
          minmay_lair_oklob_chamber, uniq_gastronok
Lair:3:   layout_cave_pods, minivault_24, grunt_forest_large_clearings,
          grunt_megastairs_3, infiniplex_staircase_pool_2, uniq_fannar
Lair:4:   kb_forest_paths, layout_loops_ring, minmay_shoals_entry_hut,
          spider_nest_entry_rubble, basic_altar, uniq_sonja
Lair:5:   layout_roguey, minmay_slime_entry_oklob_open, minmay_lindwurm_lava,
          uniq_kirke
Lair:6:   cheibrodos_lair_end_hotspot, layout_misc_corridors, zaba_anthell,
          uniq_josephine
Shoals:1: argonaut_golden_fleece, layout_shoals, serial_shops, shop,
          nicolae_shoals_undead_eyrie
Shoals:2: layout_shoals, gammafunk_ghost_berserking_beasts,
          nicolae_shoals_flooded_hall
Shoals:3: layout_shoals
Shoals:4: shoals_end_grunt_ice, layout_shoals,
          nicolae_shoals_kraken_intersection
Spider:1: layout_spider_delve
Spider:2: layout_spider_delve
Spider:3: layout_spider_delve
Spider:4: spider_rune_water, uniq_arachne, uniq_roxanne, uniq_aizul
Orc:1:    layout_caves, serial_shops, shop, uniq_erica
Orc:2:    st_orc_mages, layout_caves, uniq_snorg
Elf:1:    layout_geoelf_octagon, serial_shops, nicolae_shop_behind_doors, shop,
          hangedman_elf_disciples, corexii_hall_statues_x
Elf:2:    layout_onion_city, small_chamber_with_monster
Depths:1: layout_cave_pools, minmay_splitting_lines,
          pf_vacation_house_of_asmodeus, hangedman_abyss_entry_splay,
          minivault_16, kennysheep_dice, minmay_shop_grove, uniq_saint_roka
Abyss:2:  evilmike_abyss_exit_plants

Skill      XL: |  1  2  3  4  5  6  7  8  9 10 11 12 13 14 15 16 17 18 |
---------------+-------------------------------------------------------+-----
Unarmed Combat | 4 5 6 8 10 11 14 17 19 | 19.0
Fighting       | 4 5 8 11 | 11.0
Invocations    | 6 8 |  8.0
Armour         | 4 9 10 | 10.2
Dodging        | 3 6 |  6.1
Shields        | 9 11 14 15 | 15.0
Maces & Flails | 3 |  3.4
Short Blades   | 2 3 |  3.1
Throwing       | 3 |  3.1
Stealth        | |  1.0

Action                   |  1- 3 |  4- 6 |  7- 9 | 10-12 | 13-15 | 16-18 || total
-------------------------+-------+-------+-------+-------+-------+-------++-------
Melee: Unarmed           |   108 |   176 |   223 |   630 |  1647 |  1537 ||  4321
       Punch             |       |     4 |    11 |    35 |     9 |       ||    59
       Whip              |       |       |       |       |    36 |       ||    36
       Dagger            |       |       |       |       |    19 |       ||    19
       Rapier            |       |       |       |       |       |    19 ||    19
Throw: Large rock        |       |       |     1 |     2 |     1 |     3 ||     7
       Javelin           |       |       |       |    12 |     7 |     9 ||    28
Invok: Heroism           |       |       |     1 |     9 |    26 |    15 ||    51
       Finesse           |       |       |       |     2 |    11 |     5 ||    18
 Abil: Evoke Berserk Rag |       |     1 |       |       |       |       ||     1
       Evoke Flight      |       |       |       |       |       |     6 ||     6
Evoke: Wand              |       |       |       |       |     1 |     1 ||     2
  Use: Scroll            |       |       |       |     7 |    24 |     7 ||    38
       Potion            |       |       |       |       |     2 |     6 ||     8
 Stab: Sleeping          |     2 |     7 |     8 |     4 |     8 |     9 ||    38
       Distracted        |       |       |       |       |     3 |     1 ||     4
  Eat: Chunk             |    12 |    17 |    28 |    47 |    96 |    95 ||   295
       Ration            |       |       |       |     1 |     2 |       ||     3
Armor: Robe              |    52 |    46 |    37 |    89 |       |       ||   224
       Shadow dragon sca |       |       |       |   211 |   732 |   655 ||  1598
Dodge: Dodged            |    80 |    56 |    82 |   237 |   423 |   309 ||  1187
Block: Shield            |       |       |       |       |   710 |    17 ||   727
       Large shield      |       |       |       |       |       |  1294 ||  1294

Table legend:
 A = Non-vault XP
 B = Vault XP
 C = Vault XP percentage of total XP
 D = Non-vault monster count
 E = Vault monster count
 F = Vault count percentage of total count
                 A         B        C        D         E       F
            +---------+---------+-------+---------+---------+-------
      Total |  213284 |  114321 |  34.9 |     843 |     351 |  29.4
            +---------+---------+-------+---------+---------+-------
        D:1 |      27 |       0 |   0.0 |      18 |       0 |   0.0
        D:2 |      74 |      77 |  51.0 |      31 |      27 |  46.6
        D:3 |     273 |      14 |   4.9 |      27 |       1 |   3.6
        D:4 |      50 |     666 |  93.0 |       5 |       7 |  58.3
        D:5 |     365 |     918 |  71.6 |      11 |       2 |  15.4
        D:6 |     832 |       0 |   0.0 |      23 |       0 |   0.0
        D:7 |     647 |       0 |   0.0 |      19 |       0 |   0.0
        D:8 |    1272 |     976 |  43.4 |      41 |       1 |   2.4
        D:9 |    2836 |    2335 |  45.2 |      32 |      11 |  25.6
       D:10 |    2157 |     133 |   5.8 |      10 |       1 |   9.1
       D:11 |    5632 |       0 |   0.0 |      39 |       0 |   0.0
       D:12 |    5703 |    3724 |  39.5 |      15 |       3 |  16.7
       D:13 |    5466 |       0 |   0.0 |      27 |       0 |   0.0
       D:14 |    8911 |    1822 |  17.0 |      41 |       3 |   6.8
       D:15 |   16167 |    6058 |  27.3 |      36 |      23 |  39.0
     Lair:1 |    1605 |     893 |  35.7 |      11 |       2 |  15.4
     Lair:2 |    1785 |    4905 |  73.3 |      10 |      14 |  58.3
     Lair:3 |    4495 |    5047 |  52.9 |      22 |      29 |  56.9
     Lair:4 |    3449 |    6194 |  64.2 |      16 |      22 |  57.9
     Lair:5 |    8535 |    2925 |  25.5 |      35 |       5 |  12.5
     Lair:6 |   11036 |   17037 |  60.7 |      47 |      75 |  61.5
   Shoals:1 |   12511 |    3477 |  21.7 |      24 |       7 |  22.6
   Shoals:2 |   15243 |   13856 |  47.6 |      31 |      27 |  46.6
   Shoals:3 |   22429 |       0 |   0.0 |      47 |       0 |   0.0
   Shoals:4 |    8510 |    2233 |  20.8 |      21 |       5 |  19.2
   Spider:1 |    9899 |       0 |   0.0 |      30 |       0 |   0.0
   Spider:2 |    3928 |       0 |   0.0 |       9 |       0 |   0.0
   Spider:3 |   15338 |       0 |   0.0 |      44 |       0 |   0.0
   Spider:4 |    1741 |    2243 |  56.3 |       2 |       4 |  66.7
      Orc:1 |   11759 |     960 |   7.5 |      43 |       1 |   2.3
      Orc:2 |    3637 |    6904 |  65.5 |      33 |      42 |  56.0
      Elf:1 |   12147 |    5926 |  32.8 |      18 |       9 |  33.3
      Elf:2 |   12573 |   24998 |  66.5 |      18 |      30 |  62.5
   Depths:1 |     878 |       0 |   0.0 |       1 |       0 |   0.0
    Abyss:2 |    1374 |       0 |   0.0 |       6 |       0 |   0.0
            +---------+---------+-------+---------+---------+-------
